 Dungeon Crawl Stone Soup version 0.27-a0-423-gf312af23e9 (webtiles) character file.

Game seed: 11369175093905680211

56 dolemite99 the Chopper (level 3, -7/31 HPs)
             Began as a Minotaur Abyssal Knight on Feb 27, 2021.
             Was a Follower of Lugonu.
             Mangled by a centaur (8 damage)
             ... on level 2 of the Dungeon.
             The game lasted 00:01:37 (2159 turns).

dolemite99 the Chopper (Minotaur Abyssal Knight)    Turns: 2159, Time: 00:01:38

Health: -7/31      AC:  6    Str: 17    XL:     3   Next: 71%
Magic:  3/3        EV: 10    Int:  9    God:    Lugonu [*.....]
Gold:   79         SH:  0    Dex:  9    Spells: 2/2 levels left

rFire    . . .     SeeInvis .   a - +1 hand axe
rCold    . . .     Faith    .   (no shield)
rNeg     . . .     Spirit   .   n - +0 ring mail
rPois    .         Reflect  .   (helmet restricted)
rElec    .         Harm     .   (no cloak)
rCorr    .         Rampage  .   (no gloves)
Will     .....                  q - +0 pair of boots
Stlth    ..........             (no amulet)
HPRegen  0.10/turn              (no ring)
MPRegen  0.08/turn              (no ring)

@: flying
A: retaliatory headbutt, horns 2
a: Renounce Religion, Depart the Abyss


You were on level 2 of the Dungeon.
You worshipped Lugonu.
Lugonu was aware of your devotion.
You visited 1 branch of the dungeon, and saw 2 of its levels.
You visited the Abyss 1 time.

You collected 79 gold pieces.

Inventory:

Hand Weapons
 a - a +1 hand axe (weapon)
Missiles
 f - 19 sling bullets
 h - 30 poisoned darts
 i - 91 stones
 p - 9 bolts
Armour
 n - a +0 ring mail (worn)
 q - a +0 pair of boots (worn)
Scrolls
 b - a scroll of enchant weapon {unknown}
 j - 2 scrolls of amnesia {unknown}
 k - 2 scrolls of fog {unknown}
 l - a scroll of identify {unknown}
 m - a scroll of magic mapping {unknown}
 o - a scroll of enchant armour {unknown}
Potions
 c - a potion of brilliance {unknown}
 d - a potion of attraction {unknown}
 e - a potion of mutation {unknown}
 g - a potion of flight


   Skills:
 - Level 3.6 Fighting
 + Level 5.0 Axes
 - Level 2.4 Armour
 - Level 1.1 Dodging
 - Level 1.7 Invocations


You had 2 spell levels left.
You didn't know any spells.
Your spell library was empty.

Dungeon Overview and Level Annotations

Branches:
Dungeon (2/15)

Altars:
Ru


Innate Abilities, Weirdness & Mutations

You reflexively headbutt those who attack you in melee.
You have a pair of horns on your head.


Message History

The centaur hits you.
You hit the centaur. Your headbutt misses the centaur.
The centaur is moderately wounded.
The centaur hits you but does no damage.
You hit the centaur but do no damage.
The centaur is moderately wounded.
The centaur barely misses you. The centaur hits you.
You hit the centaur.
The centaur is heavily wounded.
The centaur barely misses you. You furiously retaliate!
You headbutt the centaur. You hit the centaur.
Your headbutt misses the centaur.
The centaur is severely wounded.
The centaur hits you but does no damage.
The centaur hits you!
You barely miss the centaur.
The centaur is severely wounded.
The centaur hits you but does no damage.
You barely miss the centaur.
The centaur is severely wounded.
The centaur barely misses you.
The centaur hits you but does no damage.
You hit the centaur but do no damage.
The centaur is severely wounded.
The centaur hits you.
* * * LOW HITPOINT WARNING * * *
You hit the centaur.
The centaur is severely wounded.
The centaur hits you but does no damage.
The centaur closely misses you.
You hit the centaur.
The centaur is almost dead.
The centaur hits you.
* * * LOW HITPOINT WARNING * * *
The centaur hits you.
* * * LOW HITPOINT WARNING * * *
It was a potion of flight.
You feel very buoyant.
You fly up into the air.
The centaur hits you!
You die...

###########.## ####
###......>.....# ...#
#.......@c..#
##.######.#.#######.#
#..........#
########.#########
###..........#
#.......####.
#.#####.# ###.# #.#
#...# #.#


You could see a centaur.

Vanquished Creatures
  An orc wizard (D:2)
  A worm (D:2)
  2 bats (D:1)
  5 giant cockroaches
  6 goblins
  3 hobgoblins
  3 frilled lizards
  A kobold (D:1)
  4 rats
26 creatures vanquished.

Notes
Turn   | Place    | Note
-------+----------+-------------------------------------------
     0 | Abyss:1  | dolemite99 the Minotaur Abyssal Knight began the quest for
                  | the Orb.
     0 | Abyss:1  | Reached XP level 1. HP: 19/19 MP: 1/1
    20 | Abyss:1  | Noticed a ynoxinul
    26 | D:1      | Escaped the Abyss
   451 | D:1      | Reached skill level 3 in Axes
   687 | D:1      | Reached XP level 2. HP: 26/26 MP: 2/2
  1466 | D:2      | Reached skill level 4 in Axes
  1487 | D:2      | Reached * piety under Lugonu
  1933 | D:2      | Found a sacrificial altar of Ru.
  1947 | D:2      | Reached XP level 3. HP: 28/31 MP: 3/3
  1951 | D:2      | Reached skill level 5 in Axes
  2145 | D:2      | Noticed a centaur
  2158 | D:2      | HP: 1/31 [centaur (4)]
  2159 | D:2      | Mangled by a centaur

Illustrated notes

Levels and vault maps discovered:
D:1:      dpeg_arrival_solitude, layout_basic, minmay_misc_feat_hallway
D:2:      layout_loops_ring, bloody_trog, nicolae_ru_great_annihilating_truth,
          uniq_jessica

Skill      XL: |  1  2  3 |
---------------+----------+-----
Axes           | 3 4 5 |  5.0
Fighting       | |  3.6
Armour         | |  2.4
Dodging        | |  1.1
Invocations    | |  1.7

Action                   || total
-------------------------++-------
Melee: Hand axe          ||    76
       Headbutt          ||     9
Invok: Depart the Abyss  ||     1
  Use: Potion            ||     1
 Stab: Paralysed         ||     1
Armor: Leather armour    ||    11
       Ring mail         ||    22
Dodge: Dodged            ||    29

Table legend: (Time is in decaauts)
 A = Elapsed time spent in this place.
 B = Non-inter-level travel time spent in this place.
 C = Inter-level travel time spent in this place.
 D = Time resting spent in this place.
 E = Time spent auto-exploring this place.
 F = Levels seen in this place.
 G = Mean time per level.
                   A        B        C        D        E       F      G
               +--------+--------+--------+--------+--------+-----+--------+
         Total |   2166 |   2110 |     56 |    760 |   1038 |   3 |  722.0 |
       Dungeon |   2140 |   2084 |     56 |    760 |   1020 |   2 | 1070.0 |
         Abyss |     26 |     26 |      0 |      0 |     18 |   1 |   26.0 |
               +--------+--------+--------+--------+--------+-----+--------+

Top non-repeatable levels by time:
     D:1: 1389 daAuts
     D:2: 750 daAuts
 Abyss:1: 26 daAuts
